 Dungeon Crawl Stone Soup version 0.30-a0-329-g85436e0a43 (webtiles) character file.

Game seed: 6339628674335196043

135307 Pooter the Severer (level 16, -5/220 HPs)
             Began as a Minotaur Berserker on Oct 28, 2022.
             Was a High Priest of Trog.
             Killed from afar by an ironbound frostheart (17 damage)
             ... by creeping frost
             ... in an ice cave.
             The game lasted 02:20:42 (24190 turns).

Pooter the Severer (Minotaur Berserker)            Turns: 24190, Time: 02:20:43

Health: -5/220     AC: 24    Str: 34    XL:     16   Next: 64%
Magic:  15/15      EV: 14    Int:  6    God:    Trog [*****.]
Gold:   442        SH:  0    Dex: 10    Spells: 15/15 levels left

rFire   + + +      SeeInvis +    a - +4 battleaxe
rCold   + + +      Faith    .    (shield currently unavailable)
rNeg    + . .      Spirit   .    o - +4 plate armour {rF+}
rPois   +          Reflect  .    K - +2 hat
rElec   +          Harm     .    G - scarf {rC+ rF+}
rCorr   +          Rampage  .    k - +1 pair of gloves "Seehoymoqub" {rN+ SInv}
Will    +++..                    O - +1 pair of boots {Stlth+}
Stlth   ..........               L - amulet of regeneration
HPRegen 2.36/turn                g - +6 ring of strength
MPRegen 0.14/turn                I - ring "Zyulum" {rElec rC+ EV+4 Str+2}

@: berserking, resistant, strong-willed, regenerating, very quick
A: horns 2, retaliatory headbutt, talons 1, sense surroundings 1, poison
resistance, weak 1
a: Renounce Religion, Berserk, Trog's Hand, Brothers in Arms


You were in an ice cave.
You worshipped Trog.
Trog was extremely pleased with you.
You visited 3 branches of the dungeon, and saw 21 of its levels.
You also visited: Gauntlet and Ice Cave.

You collected 1822 gold pieces.
You spent 1380 gold pieces at shops.

Inventory:

Hand Weapons
 a - a +4 battleaxe (weapon)
   (You took it off a wight on level 8 of the Dungeon)
 b - a +0 arbalest
   (You took it off an orc warrior on level 7 of the Dungeon)
 H - a +4 dire flail
   (You took it off a wight on level 8 of the Dungeon)
Missiles
 m - 2 throwing nets {!f}
 z - 19 poisoned darts
 B - 10 javelins (quivered)
 Q - 5 silver javelins
 T - 8 boomerangs
 U - 6 atropa-tipped darts
Armour
 k - the +1 pair of gloves "Seehoymoqub" (worn) {rN+ SInv}
   (You found it in a Gauntlet)

   rN:        It protects you from negative energy.
   SInv:      It lets you see invisible.
 o - a +4 plate armour of fire resistance (worn)
   (You found it on level 4 of the Dungeon)
 x - the +0 chain mail of Stained Knowledge {rF++ rCorr Str-2 Dex+3}
   (You found it on level 5 of the Dungeon)

   Str:       It affects your strength (-2).
   Dex:       It affects your dexterity (+3).
   rF:        It greatly protects you from fire.
   rCorr:     It protects you from acid and corrosion.
 E - a +1 cloak of willpower
   (You took it off Maurice on level 9 of the Dungeon)
 G - a scarf of resistance (worn)
   (You found it on level 12 of the Dungeon)
 K - a +2 hat (worn)
   (You found it on level 5 of the Lair of Beasts)
 O - a +1 pair of boots of stealth (worn)
   (You found it in an ice cave)
Jewellery
 g - a +6 ring of strength (left hand)
   (You found it on level 1 of the Lair of Beasts)
 A - a +6 ring of dexterity
   (You found it on level 6 of the Dungeon)
 F - the ring "Sirph" {rF++ SInv}
   (You found it on level 8 of the Dungeon)

   [ring of see invisible]

   rF:        It greatly protects you from fire.
   SInv:      It lets you see invisible.
 I - the ring "Zyulum" (right hand) {rElec rC+ EV+4 Str+2}
   (You took it off a minotaur in a Gauntlet)

   [ring of evasion]

   EV:        It affects your evasion (+4).
   Str:       It affects your strength (+2).
   rC:        It protects you from cold.
   rElec:     It insulates you from electricity.
 L - an amulet of regeneration (around neck)
   (You found it on level 7 of the Dungeon)
 R - a ring of flight
   (You found it on level 10 of the Dungeon)
 S - a ring of see invisible
   (You found it on level 9 of the Dungeon)
Wands
 d - a wand of iceblast (19)
   (You found it on level 8 of the Dungeon)
 f - a wand of flame (51)
   (You found it on level 7 of the Dungeon)
 n - a wand of polymorph (10)
   (You found it on level 7 of the Dungeon)
 u - a wand of paralysis (10)
   (You took it off an orc on level 5 of the Dungeon)
 D - a wand of digging (4)
   (You found it on level 9 of the Dungeon)
 M - a wand of mindburst (12)
   (You took it off Maurice on level 9 of the Dungeon)
 X - a wand of quicksilver (13)
   (You found it in a Gauntlet)
Scrolls
 l - 4 scrolls of poison {!r}
 t - 3 scrolls of butterflies
 v - 2 scrolls of blinking
 w - 6 scrolls of magic mapping
 y - 11 scrolls of teleportation {unknown}
 N - a scroll of silence
 W - a scroll of fear
Potions
 c - 13 potions of curing {@q1}
 e - 8 potions of lignification {!q}
 h - 5 potions of heal wounds {@q2}
 i - 2 potions of might
 j - 3 potions of attraction {!q}
 p - 3 potions of invisibility
 q - 4 potions of cancellation
 r - 2 potions of mutation {!q}
 s - a potion of haste {@q3}
 C - 3 potions of flight
 J - a potion of ambrosia {unknown}
 P - a potion of berserk rage {unknown}
 V - 9 potions of resistance
Miscellaneous
 Y - a box of beasts
   (You found it on level 12 of the Dungeon)
 Z - a lightning rod (4/4) {!a}
   (You found it on level 2 of the Lair of Beasts)


   Skills:
 + Level 14.5 Fighting
 - Level 20.0 Axes
 * Level 17.2 Ranged Weapons
 + Level 6.3 Throwing
 + Level 9.1 Armour
 + Level 7.5 Dodging
 + Level 6.0 Stealth
 + Level 9.4 Evocations


You had 15 spell levels left.
You didn't know any spells.
Your spell library was empty.

Dungeon Overview and Level Annotations

Branches:
Dungeon (14/15)            Temple (0/1) D:5            Lair (5/5) D:10
  Swamp (0/4) Lair:2        Snake (0/4) Lair:3        Slime (0/5) Lair:4
    Orc (2/2) D:11            Elf (0/3) Orc:2        Vaults (0/5) D:13
  IceCv (1/1)             Gauntlet (visited)

Altars:
Elyvilon
Hepliaklqana
Kikubaaqudgha
Makhleb
Nemelex Xobeh
Uskayaw
Vehumet
Yredelemnul
The Shining One
Jiyva
Lugonu

Shops:
D:13 =   Orc:2 !=![

Portals:
Abyss: Lair:5


Innate Abilities, Weirdness & Mutations

You have a pair of horns on your head.
You reflexively headbutt those who attack you in melee.
You have sharp toenails.
You passively map a small area around you.
Your system is resistant to poisons. (rPois)
You are weak. (Str -2)


Message History

* * * LOW HITPOINT WARNING * * *
The white ugly thing freezes you. You resist.
* * * LOW HITPOINT WARNING * * *
Things that are here:
a +0 scale mail; a human corpse You hit the frost giant.
You slash the frost giant! You hit the ironbound frostheart.
You barely miss the white ugly thing.
The ironbound frostheart touches you but does no damage.
The frost giant hits you with a +0 battleaxe of freezing!
* * * LOW HITPOINT WARNING * * *
The frost giant hits you with a +2 battleaxe of freezing!
* * * LOW HITPOINT WARNING * * *
The frost giant freezes you.
* * * LOW HITPOINT WARNING * * *
You carve the frost giant like a ham!!! Your headbutt misses the frost giant.
You slice the ironbound frostheart!! You slash the white ugly thing!
You slice the frost giant!!
The white ugly thing completely misses you.
Unknown command.
You hit the frost giant. You headbutt the frost giant.
You hit the frost giant but do no damage.
You slash the ironbound frostheart! You hit the white ugly thing.
The ironbound frostheart touches you but does no damage.
The frost giant hits you with a +0 battleaxe of freezing!!
* * * LOW HITPOINT WARNING * * *
The ironbound frostheart calls freezing cold from the walls.
The frost grips you!! You partially resist.
* * * LOW HITPOINT WARNING * * *
The frost giant casts a spell at you. The bolt of cold misses you.
You slice the frost giant!!
You barely miss the ironbound frostheart.
You hit the white ugly thing. You slice the frost giant!!
The ice encasing you melts away.
The white ugly thing closely misses you.
Unknown command.
You open the frost giant like a pillowcase!!!
You kill the frost giant!
Trog accepts your kill.
Trog appreciates your killing of a magic user.
You slice the white ugly thing!!
You hit the frost giant but do no damage.
You slice the ironbound frostheart!!
You kill the ironbound frostheart!
Trog accepts your kill.
Trog appreciates your killing of a magic user.
The frost giant hits you but does no damage.
The ironbound frostheart calls freezing cold from the walls.
The frost grips you! You partially resist.
You die...

* ## # # * * ###.
"#., ####... * $.#
*, **#.#.... ###..
#####..##.. ##...##
###....###### #..khu
##...#....###
#p)C###[.####.....##
#u@[##..#####.....#
###..##[).######..†
*#..###..⌠..# ##.[
*#.##.#.#..[## ###
#. ##.###### #######
# ### ###....##
###...#.... # ,,
*###....###### ..
##...####


You could see a frost giant, 2 ugly things, an ironbound frostheart, a polar
bear and a rime drake.

Vanquished Creatures
  Frances (D:14)
  Gastronok (D:12)
  A frost giant (IceCv)
  An orc warlord (Orc:1)
  The ghost of Haimeruo the Fighter, a journeyman OgCK of Xom (D:12)
  A minotaur (Gauntlet)
  A white draconian (IceCv)
  The ghost of Zocoaz the Skirmisher, a journeyman MiHu of Gozag (D:12)
  The ghost of Coahuwom the Blocker, a journeyman FoFi of Okawaru (D:12)
  The ghost of Owiud the Demon Slayer, a journeyman HuFi of the Shining One (D:12)
  The ghost of Rydoor the Carver, a journeyman MfBe of Trog (D:12)
  Fannar (Lair:3)
  Josephine (D:10)
  Erolcha (D:9)
  4 centaur warriors
  4 hydras
  5 ironbound frosthearts (IceCv)
  2 ogre magi (Orc:2)
  A death yak (D:10)
  A tengu warrior (D:13)
  4 boulder beetles
  6 two-headed ogres
  2 thrashing horrors (Lair:5)
  A soul eater (Gauntlet)
  The ghost of Hlep the Destroyer, a novice DECj of Qazlal (D:8)
  A fire crab (D:12)
  4 skeletal warriors (D:12)
  2 bog bodies (Lair:2)
  An orange crystal statue (IceCv)
  A necromancer (D:13)
  A harpy (shapeshifter) (Lair:5)
  A wizard (D:13)
  3 deep elf pyromancers
  7 orc sorcerers (Orc:2)
  3 wolf spiders
  2 orc knights (Orc:1)
  14 ugly things
  A manticore (D:11)
  A moth of wrath (shapeshifter) (Lair:5)
  9 elephants
  Maurice (D:9)
  2 black mambas
  2 smoke demons (Lair:5)
  A torpor snail (Lair:5)
  2 unseen horrors
  4 gargoyles
  8 cane toads
  18 rime drakes
  2 tengu conjurers (D:13)
  3 komodo dragons
  2 ancient zymes (Lair:5)
  9 trolls
  19 polar bears
  A tyrant leech (Gauntlet)
  A queen bee (Orc:2)
  26 blink frogs
  A polar bear (shapeshifter) (D:13)
  The ghost of OstrichLN the Poker, an amateur DsGl (D:5)
  4 hornets
  9 dream sheep (Lair:5)
  4 wyverns
  8 wraiths
  A fire bat (D:12)
  A ynoxinul (Lair:5)
  2 spriggans (Lair:5)
  2 fire elementals
  9 basilisks
  67 yaks
  Grum (D:10)
  7 vampire mosquitoes (D:11)
  A chaos spawn (Lair:5)
  2 steam dragons
  2 nagas (Lair:3)
  A redback simulacrum (D:13)
  3 swamp worms (Gauntlet)
  15 water moccasins
  An acid dragon (D:11)
  9 small abominations (Lair:5)
  2 hell hounds (D:12)
  16 orc warriors
  3 ice beasts
  2 black bears
  2 sky beasts
  The ghost of sirJeffrey23 the Insei, an amateur DsMo (D:4)
  24 wolves
  7 centaurs
  7 ogres
  3 gnoll sergeants
  12 bullfrogs
  5 scorpions
  12 wights
  4 killer bees (D:5)
  4 howler monkeys
  4 electric eels
  A lava snake (Lair:5)
  2 hounds (D:5)
  4 jellies
  8 orc priests
  Natasha (D:2)
  2 gnoll boudas (D:8)
  10 iguanas
  32 orc wizards
  12 adders
  17 gnolls
  4 shadow imps
  A white imp (D:8)
  2 ufetubi
  2 worms
  2 dart slugs (D:3)
  65 orcs
  5 endoplasms
  3 giant cockroaches
  7 hobgoblins
  10 jackals
  12 kobolds
  5 quokkas
  11 ball pythons
  5 bats
  3 frilled lizards
  2 goblins (D:2)
  3 rats
687 creatures vanquished.

Vanquished Creatures (others)
  2 bushes (Lair:5)
  40 fungi
  46 plants
  A withered plant (Gauntlet)
89 creatures vanquished.

Grand Total: 776 creatures vanquished

Notes
Turn   | Place    | Note
-------+----------+-------------------------------------------
     0 | D:1      | Pooter the Minotaur Berserker began the quest for the Orb.
     0 | D:1      | Reached XP level 1. HP: 19/19 MP: 0/0
    18 | D:1      | Found a faded altar of an unknown god.
    56 | D:1      | Reached skill level 4 in Axes
   290 | D:1      | Reached XP level 2. HP: 27/27 MP: 1/1
  1003 | D:2      | Reached skill level 5 in Axes
  1003 | D:2      | Reached XP level 3. HP: 22/34 MP: 2/2
  1083 | D:2      | Reached XP level 4. HP: 38/41 MP: 3/3
  1108 | D:2      | Reached ** piety under Trog
  1149 | D:2      | Noticed Natasha
  1161 | D:2      | Killed Natasha
  1323 | D:2      | You fall into a shaft and drop 1 floor!
  2126 | D:3      | Found a hide-covered altar of Uskayaw.
  2136 | D:3      | Reached skill level 6 in Axes
  2198 | D:3      | Reached XP level 5. HP: 39/47 MP: 4/4
  2575 | D:4      | Reached skill level 5 in Fighting
  2880 | D:4      | Found a transporter.
  2883 | D:4      | Noticed sirJeffrey23's ghost (amateur DsMo)
  2890 | D:4      | Found a transporter.
  3255 | D:4      | Reached skill level 7 in Axes
  3255 | D:4      | Reached XP level 6. HP: 56/56 MP: 5/5
  3441 | D:5      | Entered Level 5 of the Dungeon
  3483 | D:5      | Noticed a gargoyle
  3494 | D:5      | Killed a gargoyle
  3495 | D:5      | Reached skill level 8 in Axes
  3495 | D:5      | Reached XP level 7. HP: 31/64 MP: 6/6
  3510 | D:5      | Reached skill level 9 in Axes
  3612 | D:5      | Reached skill level 1 in Ranged Weapons
  3801 | D:5      | Reached XP level 8. HP: 73/73 MP: 7/7
  4014 | D:5      | Reached skill level 10 in Axes
  4123 | D:5      | Noticed a two-headed ogre
  4131 | D:5      | Killed a two-headed ogre
  4132 | D:5      | Reached skill level 12 in Axes
  4132 | D:5      | Reached skill level 5 in Ranged Weapons
  4135 | D:5      | Reached XP level 9. HP: 81/81 MP: 8/8
  4205 | D:5      | Reached *** piety under Trog
  4272 | D:5      | Reached skill level 13 in Axes
  4594 | D:5      | Found a staircase to the Ecumenical Temple.
  4775 | D:5      | Found a runed translucent door.
  4783 | D:5      | Noticed OstrichLN's ghost (amateur DsGl)
  4799 | D:5      | Killed OstrichLN's ghost
  4804 | D:5      | Identified the +0 chain mail of Stained Knowledge {rF++
                  | rCorr Str-2 Dex+3}
  4917 | D:6      | Reached skill level 1 in Evocations
  5104 | D:6      | Found a basalt altar of Yredelemnul.
  5214 | D:6      | Reached skill level 14 in Axes
  6176 | D:7      | Reached XP level 10. HP: 78/90 MP: 9/9
  6421 | D:8      | Noticed Hlep's ghost (novice DECj)
  6428 | D:8      | Identified the ring "Sirph" {rF++ SInv}
  6461 | D:8      | Found a large runed translucent door.
  6472 | D:8      | Found a runed translucent door.
  6556 | D:4      | Killed sirJeffrey23's ghost
  6714 | D:8      | Reached skill level 15 in Axes
  6909 | D:8      | Found a large runed translucent door.
  7128 | D:8      | Killed Hlep's ghost
  7252 | D:8      | Found a hazy altar of Hepliaklqana.
  7259 | D:8      | Found a glowing golden altar of the Shining One.
  7279 | D:9      | Noticed Maurice
  7284 | D:9      | Killed Maurice
  7392 | D:9      | Reached skill level 16 in Axes
  7811 | D:9      | Gained mutation: Your spells are a little easier to cast,
                  | but a little less powerful. [potion of mutation]
  7811 | D:9      | Gained mutation: You expend magic power (3 MP) to
                  | strengthen your wands. [potion of mutation]
  7811 | D:9      | Gained mutation: You are partially covered in iridescent
                  | scales. (AC +2) [potion of mutation]
  7812 | D:9      | Lost mutation: You expend magic power (3 MP) to strengthen
                  | your wands. [potion of mutation]
  7812 | D:9      | Lost mutation: Your spells are a little easier to cast, but
                  | a little less powerful. [potion of mutation]
  7812 | D:9      | Lost mutation: You are partially covered in iridescent
                  | scales. (AC +2) [potion of mutation]
  7812 | D:9      | Gained mutation: You expend magic power (3 MP) to
                  | strengthen your wands. [potion of mutation]
  7813 | D:9      | Lost mutation: You expend magic power (3 MP) to strengthen
                  | your wands. [potion of mutation]
  7813 | D:9      | Gained mutation: You are dopey. (Int -2) [potion of
                  | mutation]
  7813 | D:9      | Gained mutation: You have sharp toenails. [potion of
                  | mutation]
  7813 | D:9      | Gained mutation: You are robust. (+10% HP) [potion of
                  | mutation]
  7814 | D:9      | Lost mutation: You are dopey. (Int -2) [potion of mutation]
  7814 | D:9      | Lost mutation: You are robust. (+10% HP) [potion of
                  | mutation]
  7814 | D:9      | Gained mutation: You passively map a small area around you.
                  | [potion of mutation]
  7814 | D:9      | Gained mutation: Your system is resistant to poisons.
                  | (rPois) [potion of mutation]
  8130 | D:9      | Noticed Erolcha
  8139 | D:9      | Killed Erolcha
  8140 | D:9      | Reached skill level 10 in Fighting
  8269 | D:9      | Reached XP level 11. HP: 99/99 MP: 10/10
  8335 | D:9      | Found a sparkling altar of Nemelex Xobeh.
  8381 | D:10     | Entered Level 10 of the Dungeon
  8410 | D:10     | Noticed a two-headed ogre
  8446 | D:10     | Reached skill level 17 in Axes
  8587 | D:10     | Killed a two-headed ogre
  8597 | D:10     | Noticed a centaur warrior
  8610 | D:10     | Killed a centaur warrior
  8611 | D:10     | Reached skill level 10 in Ranged Weapons
  8727 | D:10     | Noticed Josephine
  8735 | D:10     | Killed Josephine
  8843 | D:10     | Found a staircase to the Lair.
  8910 | D:10     | Noticed Grum
  8927 | D:10     | Killed Grum
  8928 | D:10     | Reached skill level 18 in Axes
  9017 | D:10     | Noticed a death yak
  9055 | D:10     | Reached skill level 5 in Evocations
  9062 | D:10     | Killed a death yak
  9676 | Lair:1   | Entered Level 1 of the Lair of Beasts
  9754 | Lair:1   | Noticed an eight-headed hydra
  9759 | Lair:1   | Killed an eight-headed hydra
  9760 | Lair:1   | Reached XP level 12. HP: 110/110 MP: 11/11
  9942 | Lair:1   | Noticed a boulder beetle
  9950 | Lair:1   | Killed a boulder beetle
 10012 | Lair:1   | Reached skill level 19 in Axes
 10439 | Lair:2   | Found a staircase to the Swamp.
 10441 | Lair:2   | Reached **** piety under Trog
 11140 | Lair:3   | Found a gate leading to a gauntlet.
 11150 | Gauntlet | Entered a Gauntlet
 11150 | Gauntlet | Found a transporter.
 11150 | Gauntlet | Found a transporter.
 11162 | Gauntlet | Noticed a catoblepas
 11186 | Gauntlet | Found a transporter.
 11186 | Gauntlet | Found a transporter.
 11326 | Gauntlet | Found a transporter.
 11326 | Gauntlet | Found a transporter.
 11336 | Gauntlet | Found a transporter.
 11336 | Gauntlet | Found a transporter.
 11491 | Gauntlet | Found a transporter.
 11491 | Gauntlet | Found a transporter.
 11509 | Gauntlet | Found a transporter.
 11600 | Gauntlet | Identified the +1 pair of gloves "Seehoymoqub" {rN+ SInv}
 11619 | Gauntlet | Found a transporter.
 11661 | Gauntlet | Identified the ring "Zyulum" {rElec rC+ EV+4 Str+2}
 11661 | Gauntlet | Noticed a minotaur
 11668 | Gauntlet | Killed a minotaur
 11669 | Gauntlet | Reached XP level 13. HP: 118/118 MP: 12/12
 11969 | Lair:3   | Reached skill level 20 in Axes
 11991 | Lair:3   | Noticed Fannar
 11994 | Lair:3   | Found a staircase to the Snake Pit.
 12000 | Lair:3   | Killed Fannar
 12665 | Lair:4   | Reached skill level 1 in Throwing
 12665 | Lair:4   | Reached skill level 1 in Stealth
 12780 | Lair:4   | Found a viscous altar of Jiyva.
 12781 | Lair:4   | Found a staircase to the Slime Pits.
 13432 | Lair:5   | Entered Level 5 of the Lair of Beasts
 13453 | Lair:5   | Reached ***** piety under Trog
 14806 | Lair:5   | Found a burning altar of Makhleb.
 14967 | Lair:5   | Reached XP level 14. HP: 118/129 MP: 13/13
 14990 | Lair:5   | Reached skill level 5 in Armour
 17262 | Lair:5   | Reached skill level 5 in Dodging
 17279 | Lair:5   | Found a corrupted altar of Lugonu.
 17279 | Lair:5   | Found a one-way gate to the infinite horrors of the Abyss.
 17947 | D:11     | Reached skill level 15 in Ranged Weapons
 17962 | D:11     | Found a white marble altar of Elyvilon.
 18283 | D:11     | Found a staircase to the Orcish Mines.
 18290 | Orc:1    | Entered Level 1 of the Orcish Mines
 18576 | Orc:2    | Entered Level 2 of the Orcish Mines
 18576 | Orc:2    | Found a staircase to the Elven Halls.
 19225 | Orc:2    | Noticed an orc warlord
 19235 | Orc:1    | Killed an orc warlord
 20727 | Orc:2    | Found an ancient bone altar of Kikubaaqudgha.
 20749 | Orc:2    | Upgraded the game from 0.30-a0-322-g102857c98e to
                  | 0.30-a0-329-g85436e0a43
 20749 | Orc:2    | Found Dalulud's Jewellery Emporium.
 20761 | Orc:2    | Gained mutation: You are weak. (Str -2) [a neqoxec]
 20771 | Orc:2    | Reached skill level 5 in Throwing
 20786 | Orc:2    | Found a radiant altar of Vehumet.
 20833 | Orc:2    | Found Ysaon's Distillery.
 20840 | Orc:2    | Found Guagoj's Distillery.
 20848 | Orc:2    | Found Lerul's Antique Armour Shoppe.
 21056 | Orc:2    | Bought a potion of mutation for 96 gold pieces
 21056 | Orc:2    | Bought a potion of invisibility for 96 gold pieces
 21056 | Orc:2    | Bought a potion of might for 48 gold pieces
 21056 | Orc:2    | Bought a potion of resistance for 120 gold pieces
 21056 | Orc:2    | Bought a potion of resistance for 120 gold pieces
 21063 | Orc:2    | Bought a potion of experience for 900 gold pieces
 21063 | Orc:2    | Reached XP level 15. HP: 137/137 MP: 14/14
 21568 | D:12     | Found a transporter.
 21728 | D:12     | Found a transporter.
 21743 | D:12     | Identified the +7 short sword of Resumed Hostilities
                  | {venom, *Rage rF++ Str+3 Stlth+}
 21759 | D:12     | Found a runed translucent gate.
 21763 | D:12     | Found a runed translucent gate.
 21763 | D:12     | Found a runed translucent gate.
 21763 | D:12     | Noticed Zocoaz's ghost (journeyman MiHu)
 21764 | D:12     | Noticed Coahuwom's ghost (journeyman FoFi)
 21764 | D:12     | Noticed Haimeruo's ghost (journeyman OgCK)
 21764 | D:12     | Noticed Owiud's ghost (journeyman HuFi)
 21764 | D:12     | Noticed Rydoor's ghost (journeyman MfBe)
 21810 | D:12     | Noticed Gastronok
 21817 | D:12     | Killed Gastronok
 21963 | D:12     | Reached XP level 16. HP: 145/145 MP: 15/15
 21979 | D:12     | Reached skill level 5 in Stealth
 22449 | D:12     | Killed Haimeruo's ghost
 22454 | D:12     | Killed Owiud's ghost
 22455 | D:12     | Killed Coahuwom's ghost
 22455 | D:12     | Killed Zocoaz's ghost
 22455 | D:12     | Killed Rydoor's ghost
 22533 | D:13     | Found Kustiubb's Jewellery Emporium.
 23111 | D:13     | Found a gate to the Vaults.
 23493 | D:14     | Noticed Frances
 23506 | D:14     | Killed Frances
 23550 | D:14     | Found a frozen archway.
 23577 | IceCv    | Entered an ice cave
 24005 | IceCv    | Received a gift from Trog
 24188 | IceCv    | HP: 9/220 [ironbound frostheart/creeping frost (20)]
 24190 | IceCv    | Killed from afar by an ironbound frostheart

Illustrated notes

Levels and vault maps discovered:
D:1:      dpeg_arrival_tiny_a, layout_rooms, chequers_ecumenical_altar_island,
          serial_co_window_serial, co_window_paths_a, co_window_cross_1,
          co_window_corner_a, co_window_corner_a, co_window_paths_a,
          co_window_paths_a, co_window_of_opportunity_a, co_window_corner_b,
          co_window_broadway_c, co_window_broadway_b, co_window_unsneaky_path_d,
          co_window_corner_ca, co_window_broadway_b, glass_columns_a,
          chequers_serial_rivers_small_b
D:2:      layout_basic, nicolae_hexahallways, uniq_natasha
D:3:      layout_basic, nicolae_uskayaw_murder_on_the_dancefloor,
          chequers_decorated_corner, minmay_between
D:4:      layout_basic, gammafunk_ghost_arena
D:5:      minmay_bubble_buster, layout_basic, temple_green,
          ebering_ghost_sewer_d, minmay_manual_mess
D:6:      minmay_general_purpose_star, layout_basic, kennysheep_little_box
D:7:      layout_rooms, minmay_puff
D:8:      layout_cave_pools, jmf_multi_god_temple2,
          hellmonk_ghost_happy_afterlife
D:9:      layout_basic, nemelex_spade_bored_becter, minivault_25_ag,
          uniq_maurice, uniq_erolcha
D:10:     argonaut_augean_stables, layout_rooms, lair_entry_dummy,
          uniq_josephine, uniq_grum
D:11:     minmay_distorted_concentric_squares, layout_basic, elyvilon_altar_5
D:12:     gammafunk_cloud_chamber, layout_cave_pools, serial_park,
          serial_park_square2, serial_park_tiny_pond, serial_park_square1
          [serial_park_minivault_5x5_4], gammafunk_ghost_cemetery,
          minmay_misc_feat_rugged, minmay_misc_feat_ornament,
          minmay_misc_feat_pillars, uniq_gastronok
D:13:     layout_basic, david_vaults_1, serial_curves, eino_curves_04,
          eino_curves_04, eino_curves_01, eino_curves_03,
          minmay_shop_enchanted_jewellery
D:14:     layout_loops_ring, portal_ice_cave_entry_pillars_1, uniq_frances,
          uniq_rupert
Lair:1:   layout_hall_layers, nicolae_lair_run_with_the_wolves,
          lemuel_fruit_tree
Lair:2:   minmay_lair_venomous_thicket, layout_misc_corridors,
          skrybe_swamp_entry_bodies
Lair:3:   layout_chaotic_city, guppyfry_snake_entry_garden,
          gauntlet_entry_generic, chequers_serial_rivers_room_a,
          grunt_megastairs_4, infiniplex_staircase_pool_2, serial_bayou_shore_b,
          serial_bayou_shore_a, uniq_fannar
Lair:4:   layout_loops_ring, slime_entry_1, grunt_megastairs_1
Lair:5:   hellmonk_lair_end_abyssal_woods, layout_gridlike, basic_altar,
          nicolae_quartered_pool_medium
Orc:1:    layout_caves
Orc:2:    kennysheep_orc_mage_school, layout_caves
IceCv:    ice_cave_caverns_01

Skill      XL: |  1  2  3  4  5  6  7  8  9 10 11 12 13 14 15 16 |
---------------+-------------------------------------------------+-----
Axes           | 4 5 6 7 8 9 12 14 16 18 19 20 | 20.0
Fighting       | 4 5 6 7 8 9 10 11 12 13 14 | 14.5
Ranged Weapons | 2 5 7 9 11 13 14 16 17 | 17.2
Evocations     | 2 4 5 6 7 8 9 |  9.4
Throwing       | 3 5 6 |  6.3
Stealth        | 3 4 6 |  6.0
Armour         | 4 7 9 |  9.1
Dodging        | 4 6 7 |  7.5

Action                   |  1- 3 |  4- 6 |  7- 9 | 10-12 | 13-15 | 16-18 || total
-------------------------+-------+-------+-------+-------+-------+-------++-------
Melee: Hand axe          |    14 |       |       |       |       |       ||    14
       Headbutt          |    12 |    23 |    28 |    63 |   107 |    62 ||   295
       Short sword       |    43 |   122 |       |       |       |       ||   165
       Punch             |       |     1 |     1 |       |       |       ||     2
       War axe           |       |    15 |   159 |    42 |       |       ||   216
       Battleaxe         |       |       |       |   287 |   452 |   215 ||   954
       Kick              |       |       |       |    74 |   156 |    60 ||   290
       Dire flail        |       |       |       |     1 |     3 |     8 ||    12
 Fire: Shortbow          |       |       |    43 |       |       |       ||    43
       Arbalest          |       |       |     3 |   128 |   249 |    45 ||   425
Throw: Stone             |       |     5 |       |     6 |       |       ||    11
       Javelin           |       |       |       |     1 |     1 |     4 ||     6
       Dart              |       |       |       |     3 |     4 |       ||     7
Invok: Berserk           |     1 |     6 |     8 |    11 |     8 |     8 ||    42
       Trog's Hand       |       |     1 |     6 |    19 |    23 |     6 ||    55
Evoke: Wand              |       |       |       |     8 |    27 |     2 ||    37
  Use: Scroll            |     1 |     8 |     5 |    12 |     8 |     3 ||    37
       Potion            |       |       |     2 |     7 |     3 |     3 ||    15
 Stab: Paralysed         |       |       |       |     4 |     5 |       ||     9
       Invisible         |       |       |       |       |       |     2 ||     2
Armor: Scale mail        |    10 |       |       |       |       |       ||    10
       Chain mail        |    23 |    52 |    28 |    17 |       |       ||   120
       Plate armour      |       |    20 |    77 |   192 |   276 |   168 ||   733
Dodge: Dodged            |    23 |    55 |    76 |   141 |   216 |   174 ||   685

Table legend: (Time is in decaauts)
 A = Elapsed time spent in this place.
 B = Non-inter-level travel time spent in this place.
 C = Inter-level travel time spent in this place.
 D = Time resting spent in this place.
 E = Time spent auto-exploring this place.
 F = Levels seen in this place.
 G = Mean time per level.
                   A        B        C        D        E       F      G
               +--------+--------+--------+--------+--------+-----+--------+
         Total |  24469 |  23715 |    754 |   8505 |  10349 |  23 | 1063.9 |
       Dungeon |  12933 |  12460 |    473 |   2985 |   6873 |  14 |  923.8 |
          Lair |   7487 |   7330 |    157 |   3258 |   2762 |   5 | 1497.4 |
  Orcish Mines |   2879 |   2757 |    122 |   1691 |    504 |   2 | 1439.5 |
      Ice Cave |    605 |    605 |      0 |    195 |    206 |   1 |  605.0 |
      Gauntlet |    563 |    563 |      0 |    374 |      4 |   1 |  563.0 |
               +--------+--------+--------+--------+--------+-----+--------+

Top non-repeatable levels by time:
  Lair:5: 4155 daAuts
   Orc:2: 1629 daAuts
     D:5: 1527 daAuts
    D:10: 1369 daAuts
   Orc:1: 1250 daAuts
     D:9: 1137 daAuts
    D:12: 1088 daAuts
     D:4: 1028 daAuts
  Lair:3: 935 daAuts
     D:2: 928 daAuts
  Lair:4: 918 daAuts
    D:11: 885 daAuts
    D:13: 882 daAuts
     D:1: 862 daAuts
     D:6: 840 daAuts
